Map: Acropolis LE

Players

hellorush

  • Race: Zerg Zerg
  • League: Platinum
  • Spawn Location: 5:00

A.I. 1 (Easy) - Winner!

  • Race: Terran Terran
  • Spawn Location: 11:00

VOD

Have the link to the VOD?

Description

Time

  • Played on: July 8, 2019, 4:53 a.m.
  • Length: 5:37
Show
View Real Time Build Order
Export as new Build Order

hellorush Zerg 

Build Orders: Hatch First 

Get SALT Encoding   

  12  0:00  Drone  
  13  0:12  Overlord  
  13  0:16  Drone  
  14  0:30  Drone x2  
  14  0:34  Drone  
  17  0:52  Hatchery  
  17  0:55  Drone  
  17  0:59  Drone  
  17  1:02  Extractor  
  17  1:15  Spawning Pool  
  16  1:19  Drone  
  16  1:24  Drone  
  18  1:28  Drone  
  19  1:39  Overlord  
  19  1:49  Drone  
  20  2:02  Queen  
  20  2:03  Queen  
  20  2:05  Zergling x4  
  26  2:11  Metabolic Boost  
  26  2:14  Drone  
  27  2:17  Drone  
  27  2:21  Drone  
  29  2:25  Drone  
  30  2:32  Overlord  
  30  2:35  Drone  
  31  2:38  Queen  
  33  2:45  Queen  
  33  2:49  Overlord  
  35  2:51  Drone  
  35  2:55  Drone  
  37  2:59  Drone  
  38  3:12  Hatchery  
  37  3:14  Drone x2  
  37  3:15  Drone  
  40  3:21  Drone x3  
  40  3:26  Drone x2  
  45  3:29  Overlord  
  45  3:34  Drone  
  46  3:39  Drone  
  47  3:49  Overlord  
  47  3:52  Pneumatized Carapace  
  47  3:56  Overlord  
  47  3:58  Zergling x6  
  50  4:04  Overlord  
  50  4:05  Roach Warren  
  50  4:06  Drone x2  
  51  4:12  Drone x2  
  51  4:13  Drone  
  54  4:17  Extractor  
  54  4:18  Extractor, Drone x2  
  54  4:27  Drone x3  
  57  4:31  Queen  
  57  4:34  Evolution Chamber x2  
  57  4:37  Drone x3  
  60  4:38  Spore Crawler  
  59  4:47  Spore Crawler  
  59  4:49  Roach x3  
  59  4:50  Roach, Spore Crawler  
  65  4:53  Roach  
  67  5:08  Overlord x2  
  67  5:13  Overlord  
  67  5:17  Extractor, Drone x3  
  67  5:19  Drone  
  67  5:20  Drone  
  71  5:21  Drone  
Show
View Real Time Build Order
Export as new Build Order

A.I. 1 (Easy) Terran - Winner!

Build Orders:  

Get SALT Encoding   

  12  0:00  SCV  
  13  0:13  SCV  
  14  0:18  Supply Depot  
  14  0:25  SCV  
  15  0:40  SCV  
  15  0:42  Barracks  
  16  0:45  Refinery  
  16  1:09  Supply Depot  
  16  1:20  Refinery  
  16  1:29  Barracks Tech Lab  
  16  1:31  Orbital Command  
  18  1:47  Marauder  
  18  1:57  SCV  
  21  2:08  Marauder  
  21  2:09  SCV  
  21  2:11  Supply Depot  
  22  2:21  SCV  
  23  2:29  Marine  
  24  2:33  SCV  
  25  2:45  SCV  
  25  2:47  Marine  
  27  2:57  SCV  
  28  3:05  Marine  
  29  5:23  SCV  
  29  5:24  Supply Depot  
  31  5:32  Factory  
Tags
 
League
Platinum
Matchup
TvZ
Spawn Locations
Cross Positions
Add a new tag
Caveats
  • Supply blocks, unpowered buildings, or Contaminate may cause inaccurate times.
  • Supply counts are checked every 10 seconds.